 Dungeon Crawl Stone Soup version 0.29.1-12-g30fa7ad0bf (webtiles) character file.

Game seed: 1142951109488823260

29 ChrisAssaf the Sneak (level 3, -7/30 HPs)
             Began as a Naga Enchanter on Dec 23, 2022.
             Mangled by a gnoll
             ... wielding a +0 spear
              (8 damage)
             ... on level 2 of the Dungeon.
             The game lasted 00:02:03 (414 turns).

ChrisAssaf the Sneak (Naga Enchanter)                Turns: 414, Time: 00:02:03

Health: -7/30      AC:  2    Str: 10    XL:     3   Next: 16%
Magic:  6/6        EV: 10    Int: 17    God:
Gold:   28         SH:  0    Dex: 11    Spells: 1/6 levels left

rFire   . . .      SeeInvis +   a - +1 dagger
rCold   . . .      Faith    .   (no shield)
rNeg    . . .      Spirit   .   b - +0 robe
rPois   +          Reflect  .   (no helmet)
rElec   .          Harm     .   (no cloak)
rCorr   .          Rampage  .   (no gloves)
Will    .....                   (no barding)
Stlth   +++.......              (no amulet)
HPRegen 0.10/turn               (no ring)
MPRegen 0.10/turn               (no ring)

@: invisible, very slow
A: AC +1, large, see invisible, deformed body, poison resistance, slowness 2,
spit poison 1, naga tail 1
a: Spit Poison


You were on level 2 of the Dungeon.
You visited 1 branch of the dungeon, and saw 2 of its levels.

You collected 28 gold pieces.

Inventory:

Hand Weapons
 a - a +1 dagger (weapon)
Armour
 b - a +0 robe (worn)
Potions
 c - a potion of invisibility
 d - a potion of brilliance {unknown}


   Skills:
 * Level 0.4 Fighting
 * Level 1.2 Short Blades
 * Level 0.2 Armour
 * Level 1.7 Dodging
 * Level 5.1 Stealth
 * Level 2.1 Spellcasting
 * Level 3.2 Hexes
 * Level 0.1 Ice Magic


You had one spell level left.
You knew the following spells:

 Your Spells              Type           Power      Damage    Failure   Level
a - Ensorcelled Hibernat  Hex/Ice        14%        N/A       14%         2
b - Tukima's Dance        Hex            12%        N/A       16%         3

Your spell library contained the following spells:

 Spells                   Type           Power      Damage    Failure   Level
 Confusing Touch          Hex            12%        N/A       16%         3
 Dazzling Flash           Conj/Hex       14%        N/A       28%         3


Dungeon Overview and Level Annotations

Branches:
Dungeon (2/15)

Altars:


Innate Abilities, Weirdness & Mutations

Your serpentine skin is tough. (AC +1)
You have supernaturally acute eyesight. (SInv)
Armour fits poorly on your strangely shaped body.
Your system is resistant to poisons. (rPois)
You cover ground very slowly.
You can spit poison.
You have a snake-like lower body.


Message History

You feel sick.
You are no longer poisoned.
You start memorising the spell.
You continue memorising. x3
You finish memorising.
Spell assigned to 'b'. 2 gnolls come into view.
The gnoll shouts!
The gnoll throws a throwing net.
The throwing net barely misses you.
A gnoll comes into view. It is wielding a +0 spear.
You see here a throwing net.
A gnoll comes into view. It is wielding a +0 spear.
A kobold and a rat come into view.
The gnoll shouts!
The kobold shouts!
You see here a +0 club.
Aiming: Spit Poison (2% risk of failure)
Press: ? - help, Shift-Dir - straight line, f - rat
Aim: a rat (59% to hit)
The splash of poison misses the rat.
The gnoll shouts!
You hit the rat but do no damage. The rat misses you.
A goblin comes into view. It is wielding a +0 mace.
The goblin shouts!
You hit the rat but do no damage. The rat bites you.
You barely miss the rat.
The gnoll hits you from afar with a +0 spear!
The rat barely misses you. The gnoll closely misses you. The gnoll misses you.
The gnoll hits you from afar with a +0 spear!
* * * LOW HITPOINT WARNING * * *
The rat bites you.
* * * LOW HITPOINT WARNING * * *
You fade into invisibility!
You have got your breath back.
The rat bites you.
* * * LOW HITPOINT WARNING * * *
The gnoll throws a throwing net.
The throwing net closely misses the gnoll.
The throwing net hits the rat.
The rat is caught in the net!
The gnoll closely misses you.
The gnoll hits you from afar with a +0 spear!
You die...

.. ..# #. #.# #.
#.# #. #.# #. #.#
#. #.#
##.###.####.#######
....Kggr@(........#
#...##g#######.##.#
#


gg. #.##.# ..#.. #.##.# ## #.. #.##.# ... #.##.# ##.# #.##.# #. #....# #.####
You could see 4 gnolls, a goblin (unable to see you), a kobold (unable to see
you) and a rat (caught).

Vanquished Creatures
  2 adders (D:2)
  A worm (D:2)
  A ball python (D:2)
  An endoplasm (D:2)
  A giant cockroach (D:2)
  A goblin (D:1)
  A kobold (D:2)
  A rat (D:2)
9 creatures vanquished.

Notes
Turn   | Place    | Note
-------+----------+-------------------------------------------
     0 | D:1      | ChrisAssaf the Naga Enchanter began the quest for the Orb.
     0 | D:1      | Reached XP level 1. HP: 15/15 MP: 3/3
   132 | D:2      | Reached XP level 2. HP: 22/22 MP: 5/5
   135 | D:2      | Learned a level 2 spell: Ensorcelled Hibernation
   234 | D:2      | Reached skill level 5 in Stealth
   391 | D:2      | Reached XP level 3. HP: 24/30 MP: 3/6
   395 | D:2      | Learned a level 3 spell: Tukima's Dance
   414 | D:2      | HP: 1/30 [rat (2)]
   414 | D:2      | Mangled by a gnoll

Illustrated notes

Levels and vault maps discovered:
D:1:      dpeg_arrival_concentric_ovals, layout_basic,
          hellmonk_ecumenical_altar_prayer_group
D:2:      layout_loops_ring, basic_altar, uniq_sigmund, uniq_natasha

Skill      XL: |  1  2 |
---------------+-------+-----
Stealth        | 5 |  5.1
Fighting       | |  0.4
Short Blades   | |  1.2
Armour         | |  0.2
Dodging        | |  1.7
Spellcasting   | |  2.1
Hexes          | |  3.2
Ice Magic      | |  0.1

Action                   || total
-------------------------++-------
Melee: Dagger            ||    12
 Cast: Ensorcelled Hiber ||     3
 Abil: Spit Poison       ||     5
  Use: Potion            ||     1
 Stab: Sleeping          ||     6
Armor: Robe              ||     2
Dodge: Dodged            ||    12
